 Dungeon Crawl Stone Soup version 0.29-a0-994-gc5c9f59d18 (webtiles) character file.

Game seed: 4206660211050638203

358 vurker the Chopper (level 6, -3/39 HPs)
             Began as a Tengu Berserker on Aug 3, 2022.
             Was a Believer of Trog.
             Slain by an orc priest
             ... wielding a +0 hand axe
              (4 damage)
             ... on level 3 of the Dungeon.
             The game lasted 00:03:26 (3274 turns).

vurker the Chopper (Tengu Berserker)                Turns: 3274, Time: 00:03:26

Health: -3/39      AC:  2    Str: 19    XL:     6   Next: 64%
Magic:  7/7        EV: 14    Int:  7    God:    Trog [**....]
Gold:   195        SH:  0    Dex: 14    Spells: 5/5 levels left

rFire   . . .      SeeInvis +   a - +0 hand axe
rCold   . . .      Faith    .   (no shield)
rNeg    . . .      Spirit   .   b - +0 animal skin
rPois   .          Reflect  .   (helmet restricted)
rElec   .          Harm     .   (no cloak)
rCorr   .          Rampage  .   (no gloves)
Will    .....                   (boots unavailable)
Stlth   +.........              j - amulet of magic regeneration
HPRegen 0.13/turn               i - ring of see invisible
MPRegen 0.50/turn               (no ring)

@: flying quickly and evasively, quick
A: beak, talons 3, nimble flight
a: Renounce Religion, Berserk, Trog's Hand


You were on level 3 of the Dungeon.
You worshipped Trog.
Trog was pleased with you.
You visited 1 branch of the dungeon, and saw 3 of its levels.

You collected 195 gold pieces.

Inventory:

Hand Weapons
 a - a +0 hand axe (weapon)
Armour
 b - a +0 animal skin (worn)
Jewellery
 i - a ring of see invisible (left hand)
   (You found it on level 1 of the Dungeon)
 j - an amulet of magic regeneration (around neck)
   (You found it on level 1 of the Dungeon)
 p - a ring of ice
   (You found it on level 2 of the Dungeon)
Scrolls
 c - 3 scrolls of identify {unknown}
 d - a scroll of poison {unknown}
 e - a scroll of fog {unknown}
 f - a scroll of enchant weapon {unknown}
 g - a scroll of enchant armour {unknown}
 h - a scroll of immolation {unknown}
 l - a scroll of teleportation {unknown}
 n - 2 scrolls of magic mapping {unknown}
 o - a scroll of amnesia {unknown}
Potions
 k - 2 potions of curing {unknown}
 m - 2 potions of heal wounds {unknown}
 q - a potion of cancellation {unknown}
 r - a potion of resistance {unknown}


   Skills:
 + Level 4.7 Fighting
 * Level 6.8 Axes
 - Level 2.1 Armour
 - Level 2.1 Dodging


You had 5 spell levels left.
You didn't know any spells.
Your spell library was empty.

Dungeon Overview and Level Annotations

Branches:
Dungeon (3/15)

Altars:
Wu Jian
Xom
Zin

Shops:
D:1 (


Innate Abilities, Weirdness & Mutations

You have a beak for a mouth.
You have claws for feet.
Your magical nature lets you fly swiftly and evasively.


Message History

The orc closely misses you.
You see here a ball python corpse.
You hit the orc but do no damage. Your kick misses the orc.
You hit the orc but do no damage. You claw the orc. You hit the orc.
You kill the orc!
Trog accepts your kill.
You hit the orc. The orc hits you but does no damage.
You hit the orc but do no damage. Your kick misses the orc. You hit the orc.
The orc barely misses you.
You hit the orc. You claw the orc.
You kill the orc!
Trog accepts your kill.
You hit the orc priest but do no damage.
You closely miss the orc. The orc hits you with a +0 short sword.
The orc priest closely misses you.
You closely miss the orc. Your kick misses the orc.
You peck the orc, but do no damage.
You hit the orc priest but do no damage.
The orc hits you with a +0 short sword.
The orc priest hits you but does no damage.
You barely miss the orc. You hit the orc priest.
The orc hits you with a +0 short sword.
The orc priest hits you with a +0 hand axe.
You hit the orc. You claw the orc.
You kill the orc!
Trog accepts your kill.
You hit the orc priest but do no damage.
The orc priest hits you with a +0 hand axe.
* * * LOW HITPOINT WARNING * * *
You hit the orc priest. You hit the orc priest.
Your kick misses the orc priest. The orc priest closely misses you.
You hit the orc priest but do no damage.
The orc priest closely misses you.
You hit the orc priest but do no damage.
You peck the orc priest, but do no damage.
The orc priest misses you.
You closely miss the orc priest.
You peck the orc priest, but do no damage.
The orc priest hits you with a +0 hand axe.
* * * LOW HITPOINT WARNING * * *
You barely miss the orc priest.
The orc priest mumbles some strange prayers to Beogh against you.
Beogh smites you!
* * * LOW HITPOINT WARNING * * *
You barely miss the orc priest.
You claw the orc priest, but do no damage.
The orc priest hits you with a +0 hand axe.
You die...

....
#....##.####...#.......#
.... #....##.#
#...#.####### ###
###....##.# ###.#.# ####
#.........######.#.#
...#
#.##########......(#
##.# #.# ....
..#.####..# ##.# #.#
♣♣..♣♣.#.# #.># .#.#
#.#.♣8..8♣.#.# #### .#.#
#.#....$o@.'.# .#.#
#.#...?.)).'.#
...#####.#.♣8..8♣.###
.........# ♣♣..♣♣.#
########## .... ..#
#########


You could see an orc priest.

Vanquished Creatures
  Grinder (D:3)
  4 gnolls (D:2)
  3 adders (D:2)
  A dart slug (D:1)
  2 worms
  4 orcs (D:3)
  3 endoplasms
  2 giant cockroaches (D:1)
  7 goblins
  6 hobgoblins
  4 jackals (D:1)
  4 quokkas
  6 ball pythons
  6 bats
  5 frilled lizards
  8 kobolds
  4 rats
70 creatures vanquished.

Notes
Turn   | Place    | Note
-------+----------+-------------------------------------------
     0 | D:1      | vurker the Tengu Berserker began the quest for the Orb.
     0 | D:1      | Reached XP level 1. HP: 14/14 MP: 2/2
   261 | D:1      | Found Estruu's Antique Weapon Emporium.
   268 | D:1      | Reached XP level 2. HP: 10/19 MP: 3/3
   608 | D:1      | Reached skill level 4 in Axes
   729 | D:1      | Found a faded altar of an unknown god.
   751 | D:1      | Reached XP level 3. HP: 20/23 MP: 4/4
   836 | D:1      | You fall into a shaft and drop 1 floor!
  1458 | D:2      | Reached XP level 4. HP: 24/28 MP: 5/5
  1461 | D:2      | Reached ** piety under Trog
  1468 | D:2      | Reached skill level 5 in Axes
  2201 | D:2      | Found a glowing silver altar of Zin.
  2327 | D:2      | Gained mutation: Your magical nature lets you fly swiftly
                  | and evasively. [Tengu growth]
  2327 | D:2      | Reached XP level 5. HP: 33/33 MP: 6/6
  2811 | D:3      | Found a shimmering altar of Xom.
  3172 | D:3      | Noticed Grinder
  3183 | D:3      | Killed Grinder
  3184 | D:3      | Reached skill level 6 in Axes
  3184 | D:3      | Reached XP level 6. HP: 39/39 MP: 7/7
  3208 | D:3      | Found an ornate altar of the Wu Jian Council.
  3273 | D:3      | HP: 1/39 [orc priest/divine providence (13)]
  3274 | D:3      | Slain by an orc priest

Illustrated notes

Levels and vault maps discovered:
D:1:      dpeg_arrival_circle_labyrinth_c, layout_rooms, serial_shops,
          shop_fountains, ebering_ecumenical_altar_webs,
          amcnicky_mini_corridor_feature, minmay_misc_feat_five,
          nicolae_kite_square_tiling_tiny, patterned_corridor
D:2:      layout_loops_ring, basic_altar, minmay_misc_feat_nine_boxes
D:3:      layout_basic, nicolae_wu_jian_wuxing_cycle, elyvilon_altar_3,
          amcnicky_altar_gilded, kennysheep_generic_room_5, uniq_grinder

Skill      XL: |  1  2  3  4  5 |
---------------+----------------+-----
Axes           | 4 5 6 |  6.8
Fighting       | 4 |  4.7
Armour         | |  2.1
Dodging        | |  2.1

Action                   |  1- 3 |  4- 6 || total
-------------------------+-------+-------++-------
Melee: Hand axe          |    59 |    84 ||   143
       Kick              |     9 |    20 ||    29
       Peck              |     9 |     9 ||    18
Invok: Berserk           |     2 |     1 ||     3
       Trog's Hand       |       |     1 ||     1
 Stab: Held in net/web   |     1 |       ||     1
       Sleeping          |     2 |       ||     2
Armor: Animal skin       |     7 |    21 ||    28
Dodge: Dodged            |    38 |    57 ||    95

Table legend: (Time is in decaauts)
 A = Elapsed time spent in this place.
 B = Non-inter-level travel time spent in this place.
 C = Inter-level travel time spent in this place.
 D = Time resting spent in this place.
 E = Time spent auto-exploring this place.
 F = Levels seen in this place.
 G = Mean time per level.
                   A        B        C        D        E       F      G
               +--------+--------+--------+--------+--------+-----+--------+
         Total |   3253 |   3125 |    128 |      0 |   2697 |   3 | 1084.3 |
       Dungeon |   3253 |   3125 |    128 |      0 |   2697 |   3 | 1084.3 |
               +--------+--------+--------+--------+--------+-----+--------+

Top non-repeatable levels by time:
     D:2: 1437 daAuts
     D:1: 1377 daAuts
     D:3: 439 daAuts
